 Dungeon Crawl Stone Soup version 0.30.1-4-g462c640d31 (webtiles) character file.

Game seed: 6117061018145541814

1 Wobber the Caller (level 1, 0/6 (7) HPs)
             Began as a Felid Summoner on Sept 6, 2023.
             Slain by a kobold
             ... wielding a +0 dagger of draining
              (4 damage)
             ... on level 1 of the Dungeon.
             The game lasted 00:00:58 (39 turns).

Wobber the Caller (Felid Summoner)                    Turns: 39, Time: 00:00:58

HP:   0/6 (7)       AC:  1    Str:  4    XL:     1   Next: 16%
MP:   2/4           EV: 17    Int: 16    God:
Gold: 0             SH:  0    Dex: 16    Spells: 3/4 levels left
                                        Lives: 0   Deaths: 0

rFire   . . .        (weapon unavailable)
rCold   . . .        (shield unavailable)
rNeg    . . .        (body armour unavailable)
rPois   .            (helmet unavailable)
rElec   .            (cloak unavailable)
rCorr   +            (gloves unavailable)
SInv    +            (boots unavailable)
Will    .....        (no amulet)
Stlth   ++           b - ring of resist corrosion
HPRegen 0.21/turn    (no ring)
MPRegen 0.09/turn

%: no passive effects
@: heavily drained, quick
A: very small, claws 1, fangs 3, see invisible, speed 1, shaggy fur 1, stealthy
paws, no weapons or thrown items, no armour, multi-lived
a: no special abilities


You were on level 1 of the Dungeon.
You visited 1 branch of the dungeon, and saw 1 of its levels.

Inventory:

Jewellery
 b - a ring of resist corrosion (left paw)
Scrolls
 c - a scroll of enchant armour {unknown}
Potions
 a - a potion of magic


   Skills:
 - Level 2.6 Dodging
 - Level 2.6 Stealth
 + Level 2.0 Spellcasting
 + Level 4.0 Summonings


You had 3 spell levels left.
You knew the following spells:

 Your Spells              Type           Power      Damage    Failure   Level
a - Summon Small Mammal   Summ           56%        N/A       4%          1

Your spell library contained the following spells:

 Spells                   Type           Power      Damage    Failure   Level
 Call Imp                 Summ           28%        N/A       6%          2
 Call Canine Familiar     Summ           14%        N/A       12%         3
 Summon Guardian Golem    Hex/Summ       8%         N/A       26%         3
 Summon Lightning Spire   Summ/Air       8%         N/A       65%         4


Dungeon Overview and Level Annotations

Branches:
Dungeon (1/15)

Altars:


Innate Abilities, Weirdness & Mutations

You have sharp claws.
You have razor-sharp teeth.
You have supernaturally acute eyesight. (SInv)
You cover ground quickly. (Speed+)
You are covered in fur. (AC +1)
Your paws help you pounce on unaware monsters.
You are incapable of wielding weapons or throwing items.
You cannot wear armour.
You gain extra lives every three experience levels.


Message History

Your bat closely misses the kobold.
The kobold hits your rat with a +0 dagger.
Your rat dies!
Your rat's corpse disappears in a puff of smoke!
Your bat hits the kobold. Your bat hits the kobold.
Your bat hits the kobold but does no damage.
Your bat barely misses the kobold.
Found a granite ring.
Your bat barely misses the kobold.
Your bat hits the kobold but does no damage.
Your bat hits the kobold but does no damage.
You barely miss the kobold. You claw the kobold.
The kobold is severely wounded.
Your bat hits the kobold.
The kobold dies!
What are your orders? t - Meow!
Orders for allies: a - Attack new target. r - Retreat! s - Stop attacking. g - Guard the area. f - Follow me.
Anything else - Cancel.
Gang up on whom?
Press: ? - help, Dir - move target, f - kobold
Aim: a kobold, wielding a +0 dagger of draining (ally target) Attack!
Your bat hits the kobold but does no damage.
The kobold misses your bat.
Your rat closely misses the kobold.
Your bat barely misses the kobold.
Your bat completely misses the kobold.
Your rat misses the kobold. You scratch the kobold.
Your bite misses the kobold.
The kobold is severely wounded.
Your bat closely misses the kobold.
The kobold hits you with a +0 dagger of draining.
You feel drained.
Your rat completely misses the kobold.
You closely miss the kobold.
The kobold is severely wounded.
Your bat hits the kobold but does no damage. x2
The kobold hits you with a +0 dagger of draining.
Ouch! That really hurt!
You die...

#### #### ##..##
...##### ###...^###
....)..#####........##
.....................##
..#............)@.....#
##............rK......#
####.#........b........
#####........###..#=
##8.8##### ## ##.##
....# #.##.# #.. ..


You could see a kobold (ally target), a friendly bat (summoned) and a friendly
rat (summoned).

Vanquished Creatures (collateral kills)
  A kobold (D:1)
1 creature vanquished.

Notes
Turn   | Place    | Note
-------+----------+-------------------------------------------
     0 | D:1      | Wobber the Felid Summoner began the quest for the Orb.
     0 | D:1      | Reached XP level 1. HP: 7/7 MP: 4/4
    39 | D:1      | Slain by a kobold

Illustrated notes

Levels and vault maps discovered:
D:1:      eino_arrival_cavern_e, layout_loops_ring,
          shapermc_ecumenical_altar_notcrosses

Action                     || total
---------------------------++-------
  Melee: Unarmed           ||     3
         Punch             ||     1
   Cast: Summon Small Mamm ||     3
